 Dungeon Crawl Stone Soup version 0.27.1-2-g3b301248ec (webtiles) character file.

Game seed: 957775801254214093

337 Rickety the Stinger (level 6, -5/44 HPs)
             Began as a Gnoll Venom Mage on Sept 24, 2021.
             Slain by a goblin (6 damage)
             ... led by Robin
             ... on level 2 of the Dungeon.
             The game lasted 00:09:21 (3917 turns).

Rickety the Stinger (Gnoll Venom Mage)              Turns: 3917, Time: 00:09:22

Health: -5/44      AC:  3    Str:  7    XL:     6   Next: 54%
Magic:  14/14      EV: 13    Int: 16    God:
Gold:   190        SH:  0    Dex: 13    Spells: 9/15 levels left

rFire    . . .     SeeInvis .   b - +0 quarterstaff
rCold    . . .     Faith    .   (shield currently unavailable)
rNeg     . . .     Spirit   .   a - +0 robe
rPois    .         Reflect  .   (no helmet)
rElec    .         Harm     .   (no cloak)
rCorr    +         Rampage  .   (no gloves)
Will     .....                  f - +0 pair of boots
Stlth    +++.......             (no amulet)
HPRegen  0.14/turn              h - ring of resist corrosion
MPRegen  0.14/turn              (no ring)

@: on berserk cooldown, slowed, very slow
A: fangs 1, strong nose, distributed training
a: no special abilities


You were on level 2 of the Dungeon.
You visited 1 branch of the dungeon, and saw 3 of its levels.
You also visited: Sewer.

You collected 190 gold pieces.

Inventory:

Hand Weapons
 b - a +0 quarterstaff (weapon)
 d - a +0 dagger
 j - a +0 trident
 p - a +0 arbalest
Armour
 a - a +0 robe (worn)
 f - a +0 pair of boots (worn)
Jewellery
 h - a ring of resist corrosion (left hand)
Scrolls
 e - a scroll of summoning {unknown}
 g - 3 scrolls of identify {unknown}
 i - a scroll of fear {unknown}
 k - a scroll of teleportation {unknown}
 l - 3 scrolls of vulnerability {unknown}
Potions
 c - a potion of curing {unknown}
 m - a potion of ambrosia {unknown}
 n - a potion of attraction {unknown}


   Skills:
 + Level 2.0 Fighting
 + Level 2.0 Short Blades
 + Level 2.0 Long Blades
 + Level 2.0 Axes
 + Level 2.0 Maces & Flails
 + Level 2.0 Polearms
 + Level 2.0 Staves
 + Level 2.0 Slings
 + Level 2.0 Bows
 + Level 2.0 Crossbows
 + Level 2.0 Throwing
 + Level 2.0 Armour
 + Level 5.0 Dodging
 + Level 4.6 Stealth
 + Level 2.0 Shields
 + Level 2.0 Unarmed Combat
 + Level 5.4 Spellcasting
 + Level 1.6 Conjurations
 + Level 1.6 Hexes
 + Level 1.6 Summonings
 + Level 1.6 Necromancy
 + Level 1.6 Translocations
 + Level 2.6 Transmutations
 + Level 1.6 Fire Magic
 + Level 1.6 Ice Magic
 + Level 1.6 Air Magic
 + Level 1.6 Earth Magic
 + Level 5.7 Poison Magic
 + Level 2.2 Invocations
 + Level 2.0 Evocations


You had 9 spell levels left.
You knew the following spells:

 Your Spells              Type           Power      Damage    Failure   Level
a - Sting                 Tmut/Pois      68%        1d6       2%          1
m - Mephitic Cloud        Conj/Pois/Air  13%        N/A       13%         3
v - Poisonous Vapours     Pois/Air       32%        N/A       4%          2

Your spell library contained the following spells:

 Spells                   Type           Power      Damage    Failure   Level
 Olgreb's Toxic Radiance  Pois           22%        N/A       14%         4


Dungeon Overview and Level Annotations

Branches:
Dungeon (3/15)              Sewer (visited)

Altars:

Annotations:
D:2 Robin


Innate Abilities, Weirdness & Mutations

You have very sharp teeth.
Your uncanny sense of smell can sniff out nearby items.
Your experience applies equally to all skills.


Message History

The goblin is severely wounded.
The goblin hits you but does no damage. The goblin hits you with a +3 dagger.
Robin hits you with a +0 club. The goblin hits you with a +0 club.
You barely miss the goblin.
The goblin is severely wounded.
The goblin hits you with a +0 club.
* * * LOW HITPOINT WARNING * * *
The goblin hits you with a +3 dagger.
* * * LOW HITPOINT WARNING * * *
The goblin hits you with a +0 club.
* * * LOW HITPOINT WARNING * * *
A red film seems to cover your vision as you go berserk!
You feel yourself moving faster!
You feel mighty! The goblin barely misses you. The goblin closely misses you.
Robin hits you but does no damage. The goblin completely misses you.
Unknown command.
You bludgeon the goblin!!
You kill the goblin!
The goblin hits you with a +0 club.
* * * LOW HITPOINT WARNING * * *
The goblin hits you with a +3 dagger.
* * * LOW HITPOINT WARNING * * *
Robin barely misses you.
Robin says, "Bow before me, strongest of all the hobgoblins!"
Robin throws the goblin at you! The goblin closely misses you.
You see here a +0 club.
You closely miss the goblin. The goblin barely misses you.
You sock the goblin!
You kill the goblin!
You see here a +0 club.
You feel a strong urge to attack something.
You feel your anger nearly subside.
You are no longer berserk.
You are exhausted.
You feel yourself slow down. Robin throws the goblin at you!
* * * LOW HITPOINT WARNING * * *
The goblin no longer looks unusually strong.
Robin roars a battlecry!
The goblin goes into a battle-frenzy!
The goblin hits you with a +3 dagger.
You die...

#.# #.# #.# #.##### #......
######### #####.#####
##########.......######.....#####
................g.g.)g..>........
##########.#...#@######...#.#####
##########.#...#.# #...#.#####
........##.#...#.# #...#......
...............#.# #...#.#####
#######.##..####.# #.......#
.............# ### #.#.#.#.#
##.####.####.##########.#.#.#.###
#.)....###......................
##......'.....########..#.#.#.###


You could see Robin and 2 goblins.

Vanquished Creatures
  Purgy (Sewer)
  Jessica (D:2)
  Natasha (thrice) (D:2)
  An orc wizard (D:1)
  Terence (D:2)
  2 adders (D:2)
  A worm (D:3)
  A dart slug (D:2)
  4 orcs
  4 endoplasms
  A giant cockroach (D:2)
  8 goblins
  2 hobgoblins
  11 jackals
  3 quokkas
  9 ball pythons
  7 bats
  3 frilled lizards
  4 kobolds
  5 rats
72 creatures vanquished.

Notes
Turn   | Place    | Note
-------+----------+-------------------------------------------
     0 | D:1      | Rickety the Gnoll Venom Mage began the quest for the Orb.
     0 | D:1      | Reached XP level 1. HP: 13/13 MP: 6/6
   203 | D:1      | Reached XP level 2. HP: 19/19 MP: 4/7
   210 | D:1      | Learned a level 2 spell: Poisonous Vapours
  1060 | D:2      | Noticed Terence
  1072 | D:1      | Reached XP level 3. HP: 8/25 MP: 0/9
  1084 | D:1      | Reached skill level 5 in Spellcasting
  1099 | D:1      | Reached skill level 1 in Fighting
  1099 | D:1      | Reached skill level 1 in Short Blades
  1099 | D:1      | Reached skill level 1 in Long Blades
  1099 | D:1      | Reached skill level 1 in Axes
  1099 | D:1      | Reached skill level 1 in Maces & Flails
  1099 | D:1      | Reached skill level 1 in Polearms
  1099 | D:1      | Reached skill level 1 in Staves
  1099 | D:1      | Reached skill level 1 in Slings
  1099 | D:1      | Reached skill level 1 in Bows
  1099 | D:1      | Reached skill level 1 in Crossbows
  1099 | D:1      | Reached skill level 1 in Throwing
  1099 | D:1      | Reached skill level 1 in Armour
  1099 | D:1      | Reached skill level 1 in Shields
  1099 | D:1      | Reached skill level 1 in Unarmed Combat
  1099 | D:1      | Reached skill level 1 in Invocations
  1099 | D:1      | Reached skill level 1 in Evocations
  1452 | D:2      | Noticed Natasha
  1456 | D:2      | Killed Natasha
  1457 | D:2      | Reached XP level 4. HP: 16/32 MP: 6/11
  1463 | D:2      | Learned a level 3 spell: Mephitic Cloud
  1573 | D:2      | Noticed Natasha
  1580 | D:2      | Killed Natasha
  1581 | D:2      | Reached skill level 1 in Conjurations
  1581 | D:2      | Reached skill level 1 in Hexes
  1581 | D:2      | Reached skill level 1 in Summonings
  1581 | D:2      | Reached skill level 1 in Necromancy
  1581 | D:2      | Reached skill level 1 in Translocations
  1581 | D:2      | Reached skill level 1 in Fire Magic
  1581 | D:2      | Reached skill level 1 in Ice Magic
  1581 | D:2      | Reached skill level 1 in Air Magic
  1581 | D:2      | Reached skill level 1 in Earth Magic
  2060 | D:2      | Reached XP level 5. HP: 37/37 MP: 5/12
  2211 | D:2      | Killed Terence
  2873 | D:2      | Noticed Natasha
  2885 | D:2      | Killed Natasha
  2922 | D:2      | Noticed Jessica
  2940 | D:2      | Killed Jessica
  3176 | D:3      | Found a glowing drain.
  3208 | D:2      | Reached XP level 6. HP: 24/44 MP: 7/13
  3227 | Sewer    | Entered a sewer
  3498 | Sewer    | Noticed Purgy
  3530 | Sewer    | Killed Purgy
  3531 | Sewer    | Reached skill level 5 in Dodging
  3901 | D:3      | Noticed Robin
  3916 | D:2      | HP: 1/44 [Robin/goblin (2)]
  3917 | D:2      | Slain by a goblin

Illustrated notes

Levels and vault maps discovered:
D:1:      nzn_arrival_depleted_hourglass, layout_rooms
D:2:      layout_basic, uniq_terence, uniq_natasha, uniq_jessica
D:3:      layout_basic, serial_shops, nicolae_square_shop, portal_sewer_entry_b,
          minmay_misc_feat_four_crosses, minmay_pentomino_pile, uniq_ijyb,
          uniq_robin

Skill      XL: |  1  2  3  4  5  6 |
---------------+-------------------+-----
Transmutations | 2 |  2.6
Spellcasting   | 5 |  5.4
Fighting       | 1 2 |  2.0
Short Blades   | 1 2 |  2.0
Long Blades    | 1 2 |  2.0
Axes           | 1 2 |  2.0
Maces & Flails | 1 2 |  2.0
Polearms       | 1 2 |  2.0
Staves         | 1 2 |  2.0
Slings         | 1 2 |  2.0
Bows           | 1 2 |  2.0
Crossbows      | 1 2 |  2.0
Throwing       | 1 2 |  2.0
Armour         | 1 2 |  2.0
Shields        | 1 2 |  2.0
Unarmed Combat | 1 2 |  2.0
Invocations    | 1 2 |  2.2
Evocations     | 1 2 |  2.0
Conjurations   | 1 |  1.6
Hexes          | 1 |  1.6
Summonings     | 1 |  1.6
Necromancy     | 1 |  1.6
Translocations | 1 |  1.6
Fire Magic     | 1 |  1.6
Ice Magic      | 1 |  1.6
Air Magic      | 1 |  1.6
Earth Magic    | 1 |  1.6
Dodging        | 5 |  5.0
Stealth        | |  4.6
Poison Magic   | |  5.7

Action                   |  1- 3 |  4- 6 || total
-------------------------+-------+-------++-------
Melee: Quarterstaff      |    31 |   102 ||   133
       Bite              |       |     6 ||     6
 Cast: Sting             |    25 |    34 ||    59
       Poisonous Vapours |     5 |    39 ||    44
       Mephitic Cloud    |       |     7 ||     7
  Use: Potion            |       |     1 ||     1
 Stab: Sleeping          |     5 |     1 ||     6
       Confused          |       |     1 ||     1
Armor: Robe              |    11 |    48 ||    59
Dodge: Dodged            |    26 |   157 ||   183
